 Dungeon Crawl Stone Soup version 0.21-a0-504-g2eda330 (webtiles) character file.

2762 Madydog the Spear-Bearer (level 9, 0/118 HPs)
             Began as a Minotaur Berserker on Nov 25, 2017.
             Was an Elder of Trog.
             Succumbed to a killer bee's poison
             ... on level 7 of the Dungeon.
             The game lasted 00:21:22 (8145 turns).

Madydog the Spear-Bearer (Minotaur Berserker)       Turns: 8145, Time: 00:21:22

Health: 0/118      AC:  8    Str: 30    XL:     9   Next: 42%
Magic:  8/8        EV: 12    Int:  4    God:    Trog [****..]
Gold:   175        SH:  0    Dex: 10    Spells: 8/8 levels left

rFire    + . .     SeeInvis .   t - +1 scythe (freeze)
rCold    . . .     Gourm    .   (shield currently unavailable)
rNeg     . . .     Faith    .   v - +0 scale mail
rPois    .         Spirit   .   (helmet restricted)
rElec    .         Reflect  .   (no cloak)
rCorr    .         Harm     .   g - +0 pair of gloves
MR       .....                  (no boots)
Stlth    ..........             (no amulet)
HPRegen  0.29/turn              D - ring of flight
MPRegen  0.11/turn              J - ring of protection from fire

@: berserking, lethally poisoned (0 -> -46), very quick
A: retaliatory headbutt, horns 2
a: Berserk, Trog's Hand, Brothers in Arms, Burn Spellbooks, Renounce Religion,
Evoke Flight


You were on level 7 of the Dungeon.
You worshipped Trog.
Trog was greatly pleased with you.
You were very hungry.

You visited 1 branch of the dungeon, and saw 8 of its levels.

You collected 265 gold pieces.
You spent 90 gold pieces at shops.

Inventory:

Hand Weapons
 a - a +0 falchion
 s - a +2 vampiric spear
 t - a +1 scythe of freezing (weapon)
 x - a +4 short sword
 F - a +0 whip of flaming
 N - the +4 dagger of the Tables {flame, rElec}
   (You found it on level 7 of the Dungeon)

   It has been specially enchanted to burn those struck by it, causing extra
   injury to most foes and up to half again as much damage against particularly
   susceptible opponents.
   It insulates you from electricity.
Armour
 b - a +0 animal skin
 g - a +0 pair of gloves (worn)
 o - a +0 buckler
 v - a +0 scale mail (worn)
Jewellery
 f - an uncursed ring of wizardry
 h - an uncursed ring of teleportation
 p - an uncursed ring of see invisible
 B - an uncursed ring of resist corrosion
 D - a ring of flight (left hand)
 J - a ring of protection from fire (right hand)
Scrolls
 e - 4 scrolls of amnesia
 k - 2 scrolls of remove curse
 q - a scroll of blinking
 w - a scroll of teleportation
 y - 3 scrolls of enchant armour
 C - a scroll of magic mapping
 E - a scroll of fear {unknown}
 H - a scroll of torment {unknown}
 I - a scroll of immolation
 K - a scroll of fog {unknown}
 L - a scroll of brand weapon {unknown}
Potions
 i - 4 potions of curing
 j - a potion of cancellation
 n - a potion of haste {unknown}
 r - 3 potions of lignification {unknown}
 u - a potion of mutation {unknown}
 z - 3 potions of invisibility
 A - 4 potions of resistance
 G - 2 potions of might {unknown}
 M - a potion of heal wounds {unknown}
 O - a potion of flight {unknown}
Comestibles
 c - 4 bread rations
 d - 3 meat rations
 l - 4 royal jellies
 m - 4 fruits


   Skills:
 * Level 7.3 Fighting
 - Level 1.0(3.7) Short Blades
 - Level 6.4(6.5) Long Blades
 + Level 9.9 Polearms
 * Level 6.2 Armour
 * Level 5.6 Dodging
 + Level 1.4 Shields


You had 8 spell levels left.
You didn't know any spells.

Dungeon Overview and Level Annotations

Branches:
Dungeon (8/15)             Temple (0/1) D:7
   Lair: D:8-11

Altars:
Ashenzari
Dithmenos
Okawaru
Trog
Uskayaw
Xom

Shops:
D:5 *   D:6 *


Innate Abilities, Weirdness & Mutations

You reflexively headbutt those who attack you in melee.
You have a pair of horns on your head.


Message History

You feel the power of Trog in you as your rage grows.
You kill the killer bee!
Trog accepts your kill. The killer bee closely misses you.
The killer bee stings you.
* * * LOW HITPOINT WARNING * * *
You are more poisoned.
The killer bee poisons you!
You slash the killer bee! You freeze the killer bee.
You kill the killer bee!
Trog accepts your kill.
* * * LOW HITPOINT WARNING * * *
You feel very sick.
There is a lethal amount of poison in your body!
There is a lethal amount of poison in your body!
There is a lethal amount of poison in your body!
There is a lethal amount of poison in your body!
* * * LOW HITPOINT WARNING * * *
You feel sick.
You feel a strong urge to attack something.
You die...

.### .# .# .# .#
### ##########
.###.## #........#
.##.#.###.######.#
.#.###.......# #†#
.##.#.###.##.###@#
..##.## #........#
...#.# ####.#####
.....# #.# .#####
###.####### .#
#.........# .#
#.#.#####.# '##
#.#.# #.# .^##
#.#.### #.#


There were no monsters in sight!

Vanquished Creatures
  Pikel (D:6)
  Sigmund (D:3)
  An orc warrior (D:6)
  2 sky beasts (D:7)
  4 phantoms
  2 ogres
  A centaur (D:5)
  Blork the orc (D:6)
  2 bullfrogs
  9 killer bees (D:7)
  A bullfrog zombie (D:6)
  2 orc priests
  A centaur skeleton (D:4)
  A hound (D:7)
  A centaur zombie (D:5)
  Natasha (D:2)
  4 orc wizards
  5 worker ants
  A hound skeleton (D:7)
  A worker ant zombie (D:5)
  Robin (D:2)
  11 adders
  3 worms
  3 dart slugs
  3 leopard geckos
  14 orcs
  A ball python (D:5)
  5 giant cockroaches
  17 goblins
  10 hobgoblins
  2 jackals (D:2)
  A quokka (D:5)
  8 bats
  8 frilled lizards
  A giant cockroach zombie (D:5)
  10 kobolds
  12 rats
152 creatures vanquished.

Vanquished Creatures (others)
  An adder (D:6)
1 creature vanquished.

Grand Total: 153 creatures vanquished

Notes
Turn   | Place    | Note
-------+----------+-------------------------------------------
     0 | D:1      | Madydog the Minotaur Berserker began the quest for the Orb.
     0 | D:1      | Reached XP level 1. HP: 19/19 MP: 0/0
   123 | D:1      | Reached XP level 2. HP: 27/27 MP: 1/1
   694 | D:2      | Found a shimmering altar of Xom.
   696 | D:2      | Found a shadowy altar of Dithmenos.
   709 | D:2      | Reached XP level 3. HP: 33/33 MP: 2/2
  1083 | D:2      | Noticed Natasha
  1096 | D:2      | Killed Natasha
  1096 | D:2      | Reached XP level 4. HP: 8/41 MP: 3/3
  1390 | D:2      | Found a bloodstained altar of Trog.
  1527 | D:2      | Reached ** piety under Trog
  1666 | D:2      | Noticed Robin
  1685 | D:2      | Reached skill level 5 in Long Blades
  1693 | D:2      | Killed Robin
  1697 | D:2      | Reached XP level 5. HP: 28/47 MP: 4/4
  2169 | D:3      | Noticed Sigmund
  2232 | D:3      | Killed Sigmund
  2232 | D:3      | Reached skill level 5 in Fighting
  2232 | D:3      | Reached XP level 6. HP: 43/56 MP: 5/5
  2670 | D:3      | Reached *** piety under Trog
  2843 | D:3      | Reached skill level 1 in Shields
  2916 | D:3      | Found a shattered altar of Ashenzari.
  3326 | D:4      | Reached skill level 1 in Polearms
  3326 | D:4      | Reached XP level 7. HP: 44/62 MP: 6/6
  3579 | D:4      | Found a hide-covered altar of Uskayaw.
  3581 | D:4      | Noticed a dagger
  3582 | D:4      | Noticed a dagger
  3587 | D:4      | Reached skill level 2 in Polearms
  3711 | D:4      | Reached skill level 5 in Dodging
  4306 | D:5      | Entered Level 5 of the Dungeon
  4310 | D:5      | Reached skill level 3 in Polearms
  4504 | D:5      | Reached skill level 4 in Polearms
  4574 | D:5      | Found Uckaomigg's General Store.
  4577 | D:5      | Bought a scroll of enchant armour for 90 gold pieces
  4724 | D:5      | Reached **** piety under Trog
  5309 | D:6      | Reached skill level 5 in Polearms
  5386 | D:6      | Reached XP level 8. HP: 13/70 MP: 7/7
  5388 | D:6      | Noticed Pikel
  5394 | D:6      | Killed Pikel
  5394 | D:6      | Reached skill level 7 in Polearms
  5704 | D:6      | Found an iron altar of Okawaru.
  5757 | D:6      | Reached skill level 8 in Polearms
  5905 | D:6      | Found Gfaso's Goods Gallery.
  5947 | D:6      | Reached skill level 5 in Armour
  6257 | D:6      | Noticed Blork the orc
  6265 | D:6      | Killed Blork the orc
  6596 | D:7      | Reached XP level 9. HP: 77/78 MP: 8/8
  6642 | D:7      | Reached skill level 9 in Polearms
  7110 | D:7      | Found a staircase to the Ecumenical Temple.
  7545 | D:7      | Got a crystal dagger
  7546 | D:7      | Identified the +4 dagger of the Tables {flame, rElec} (You found it on level 7 of the Dungeon)
  7747 | D:7      | Reached skill level 1 in Short Blades
  8143 | D:7      | HP: 4/118 [poisoned by a killer bee]
  8145 | D:7      | Succumbed to a killer bee's poison

Vault maps used:
D:1:      elethiomel_arrival_quiet, eino_curves_03, st_stairs_5,
          minmay_misc_feat_secret_circle, minmay_box_of_dots
D:2:      lightli_temple_of_fire, chequers_temple_overflow_statue_of_worship,
          minmay_heptomino_l4, uniq_natasha, uniq_robin
D:3:      nicolae_ashenzari_panopticon, moated_statue, uniq_sigmund
D:4:      dancing_weapons_uskayaw
D:5:      serial_glass, glass_columns_b, glass_columns_a, serial_shops,
          nicolae_shop_behind_doors, first_bread
D:6:      nicolae_alphabet_shops, minivault_19, okawaru_gym_becter, uniq_pikel,
          uniq_blork_the_orc
D:7:      minmay_temple_entry_mist
D:8:      old_standard_altar, serial_shops, nicolae_shop_stone,
          nicolae_shop_statue_plus, shop, shop, shop, jmf_multi_god_temple,
          uniq_prince_ribbit1

Skill      XL: |  1  2  3  4  5  6  7  8  9 |
---------------+----------------------------+-----
Fighting       | 4 5 6 7 |  7.3
Long Blades    | 4 5 6 |  6.4
Armour         | 3 4 5 6 |  6.2
Dodging        | 3 4 5 |  5.6
Shields        | 1 |  1.4
Polearms       | 1 5 8 9 |  9.9
Short Blades   | 1 |  1.0

Action                   |  1- 3 |  4- 6 |  7- 9 || total
-------------------------+-------+-------+-------++-------
Melee: Falchion          |    70 |    90 |       ||   160
       Headbutt          |    10 |    18 |    28 ||    56
       Scythe            |       |    33 |   172 ||   205
       Dagger            |       |       |    15 ||    15
Invok: Berserk           |     1 |     3 |     2 ||     6
       Burn Spellbooks   |       |       |     1 ||     1
  Use: Scroll            |       |       |    10 ||    10
  Eat: Chunk             |       |    11 |     8 ||    19
       Bread ration      |       |       |     1 ||     1
       Royal jelly       |       |       |     2 ||     2
Armor: Animal skin       |    14 |    28 |       ||    42
       Scale mail        |       |    10 |    84 ||    94
Dodge: Dodged            |    46 |   101 |   139 ||   286
Block: Buckler           |     2 |    16 |       ||    18
       Rpst.: Falchion   |    13 |    17 |       ||    30

Table legend:
 A = Spawn XP
 B = Non-spawn XP
 C = Spawn XP percentage of total XP
 D = Spawn monster count
 E = Non-spawn monster count
 F = Spawn count percentage of total count
 G = Total turns spent on level
                    A         B        C        D         E        F      G
               +---------+---------+-------+---------+---------+-------+---------
         Total |       0 |    3947 |   0.0 |       0 |     152 |   0.0 |  8145
               +---------+---------+-------+---------+---------+-------+---------
           D:1 |       0 |      33 |   0.0 |       0 |      20 |   0.0 |   665
           D:2 |       0 |     173 |   0.0 |       0 |      44 |   0.0 |  1557
           D:3 |       0 |     486 |   0.0 |       0 |      29 |   0.0 |  1085
           D:4 |       0 |     236 |   0.0 |       0 |       5 |   0.0 |   999
           D:5 |       0 |     437 |   0.0 |       0 |      18 |   0.0 |  1001
           D:6 |       0 |    1350 |   0.0 |       0 |      15 |   0.0 |  1246
           D:7 |       0 |    1232 |   0.0 |       0 |      21 |   0.0 |  1563
               +---------+---------+-------+---------+---------+-------+---------
